 Dungeon Crawl Stone Soup version 0.30-a0-540-g0af01429fa (webtiles) character file.

Game seed: 2578019680433054320

14 jlumianski the Trooper (level 2, 0/24 HPs)
             Began as a Demonspawn Fighter on Dec 26, 2022.
             Killed by divine providence
             ... invoked by an orc priest
              (14 damage)
             ... on level 3 of the Dungeon.
             The game lasted 00:01:48 (404 turns).

jlumianski the Trooper (Demonspawn Fighter)          Turns: 404, Time: 00:01:48

Health: 0/24       AC:  6    Str: 16    XL:     2   Next: 27%
Magic:  2/2        EV:  8    Int:  9    God:
Gold:   33         SH:  4    Dex: 12    Spells: 1/1 levels left

rFire   . . .      SeeInvis .    a - +0 war axe
rCold   . . .      Faith    .    c - +0 buckler
rNeg    . . .      Spirit   .    b - +0 scale mail
rPois   .          Reflect  .    (no helmet)
rElec   .          Harm     .    (no cloak)
rCorr   .          Rampage  .    (no gloves)
Will    .....                    (no boots) Stlth
                                 (no amulet)
HPRegen 0.24/turn                (no ring)
MPRegen 0.08/turn                (no ring)

@: no status effects
A: claws 1
a: no special abilities


You were on level 3 of the Dungeon.
You visited 1 branch of the dungeon, and saw 3 of its levels.

You collected 33 gold pieces.

Inventory:

Hand Weapons
 a - a +0 war axe (weapon)
Missiles
 i - 3 poisoned darts (quivered)
Armour
 b - a +0 scale mail (worn)
 c - a +0 buckler (worn)
Scrolls
 f - a scroll of blinking {unknown}
 h - 2 scrolls of teleportation {unknown}
 j - a scroll of identify {unknown}
 k - a scroll of silence {unknown}
 l - a scroll of fog {unknown}
Potions
 d - a potion of might
 e - a potion of resistance {unknown}
 g - a potion of magic {unknown}


   Skills:
 + Level 3.1 Fighting
 + Level 2.0 Axes
 + Level 2.9 Armour
 + Level 2.9 Shields


You had one spell level left.
You didn't know any spells.
Your spell library was empty.

Dungeon Overview and Level Annotations

Branches:
Dungeon (3/15)

Altars:


Innate Abilities, Weirdness & Mutations

You have sharp fingernails.


Message History

The bat hits you but does no damage.
You hit the bat.
The bat is moderately wounded.
You barely miss the rat. You block the bat's attack.
The rat closely misses you.
An orc priest and a ball python come into view.
The orc priest shouts!
The ball python hisses angrily.
The bat closely misses you. The bat hits you but does no damage.
The orc priest begins to cast a cantrip, but forgets the words!
The rat barely misses you.
There is an escape hatch in the floor here.
You closely miss the rat. You slash the bat!
You kill the bat!
The rat barely misses you.
You hit the rat.
The rat is heavily wounded.
The rat bites you.
An orc comes into view. It is wielding a +0 trident.
The rat barely misses you.
An orc priest comes into view. It is wielding a +0 hand axe.
You closely miss the rat.
The rat is heavily wounded.
The orc priest shouts!
You hear a shout!
The rat bites you but does no damage.
An orc comes into view. It is wielding a +0 dagger.
You slash the rat!
You kill the rat!
You hit the ball python. You block the ball python's attack.
The ball python grabs you. The ball python constricts you.
The orc priest invokes the aid of Beogh against you.
Beogh smites you!
An orc comes into view. It is wielding a +0 hand axe.
The ball python bites you. The ball python constricts you.
The orc priest completely misses you.
You escape the ball python's grasp.
The orc shouts!
The orc priest mumbles some strange prayers to Beogh against you.
Beogh smites you!
Ouch! That really hurt!
You die...

#. >. # #. #.#
#. ..##.###
..... #..# #
#.<#.# #
#.####.@#.#.#
#......S....##.
######.o†......
#.........
#.o...###.
#..o..# .oo...#
##....## ##....


You could see 2 orc priests, 3 orcs and a ball python.

Vanquished Creatures
  2 endoplasms (D:1)
  A giant cockroach (D:1)
  2 hobgoblins (D:1)
  2 ball pythons
  A bat (D:3)
  A frilled lizard (D:1)
  A goblin (D:1)
  5 rats
15 creatures vanquished.

Notes
Turn   | Place    | Note
-------+----------+-------------------------------------------
     0 | D:1      | jlumianski the Demonspawn Fighter began the quest for the
                  | Orb.
     0 | D:1      | Reached XP level 1. HP: 18/18 MP: 1/1
   139 | D:1      | Gained mutation: You have sharp fingernails. [demonic
                  | ancestry]
   139 | D:1      | Reached XP level 2. HP: 13/24 MP: 2/2
   404 | D:3      | Killed from afar by an orc priest

Illustrated notes

Levels and vault maps discovered:
D:1:      lemuel_arrival_hallway, layout_loops_ring,
          chequers_ecumenical_altar_island, serial_shops, shop, chequers_jeans,
          lemuel_flame_loot_1
D:2:      cheibrodos_helix_gallery, layout_basic, basic_altar
D:3:      layout_loops_ring

Skill      XL: |  1  2 |
---------------+-------+-----
Axes           | 2 |  2.0
Fighting       | |  3.1
Armour         | |  2.9
Shields        | |  2.9

Action                   || total
-------------------------++-------
Melee: War axe           ||    36
Armor: Scale mail        ||    17
Dodge: Dodged            ||    20
Block: Buckler           ||     5

Table legend: (Time is in decaauts)
 A = Elapsed time spent in this place.
 B = Non-inter-level travel time spent in this place.
 C = Inter-level travel time spent in this place.
 D = Time resting spent in this place.
 E = Time spent auto-exploring this place.
 F = Levels seen in this place.
 G = Mean time per level.
                   A        B        C        D        E       F      G
               +--------+--------+--------+--------+--------+-----+--------+
         Total |    419 |    419 |      0 |     69 |    110 |   3 |  139.7 |
       Dungeon |    419 |    419 |      0 |     69 |    110 |   3 |  139.7 |
               +--------+--------+--------+--------+--------+-----+--------+

Top non-repeatable levels by time:
     D:1: 351 daAuts
     D:2: 56 daAuts
     D:3: 11 daAuts
